 Dungeon Crawl Stone Soup version 0.29.1-2-gbd0b4ee654 (webtiles) character file.

Game seed: 15515771452687122279

2296 Goreval the Covert (level 9, 0/68 HPs)
             Began as a Naga Enchanter on Nov 16, 2022.
             Was an Initiate of Wu Jian.
             Slain by a killer bee (1 damage)
             ... on level 7 of the Dungeon.
             The game lasted 00:28:43 (9815 turns).

Goreval the Covert (Naga Enchanter)                 Turns: 9815, Time: 00:28:43

Health: 0/68       AC:  6    Str: 12    XL:     9   Next: 40%
Magic:  24/25      EV: 10    Int: 19    God:    Wu Jian [......]
Gold:   190        SH:  0    Dex: 11    Spells: 6/17 levels left

rFire   + . .      SeeInvis +   z - +2 dagger (flame)
rCold   . . .      Faith    .   b - orb {*channel}
rNeg    . . .      Spirit   .   c - +2 robe {Will+}
rPois   +          Reflect  .   (no helmet)
rElec   .          Harm     .   (no cloak)
rCorr   .          Rampage  .   (no gloves)
Will    ++...                   (no barding)
Stlth   ++++......              D - amulet of magic regeneration
HPRegen 0.21/turn               t - ring of protection from fire
MPRegen 0.59/turn               G - ring of magical power

@: lethally poisoned (0 -> -5), about to teleport, attractive, very slow
A: AC +3, large, see invisible, deformed body, poison resistance, slowness 2,
spit poison 1, naga tail 1
a: Spit Poison, Renounce Religion


You were on level 7 of the Dungeon.
You worshipped Wu Jian.
Wu Jian was noncommittal.
You visited 2 branches of the dungeon, and saw 8 of its levels.

You collected 430 gold pieces.
You spent 240 gold pieces at shops.

Inventory:

Hand Weapons
 y - a +1 dagger of freezing
 z - a +2 dagger of flaming (weapon)
 I - a +1 dagger of protection
Missiles
 a - 3 poisoned darts
 i - 23 stones
 v - 2 throwing nets
Armour
 b - an orb of energy (worn)
 c - a +2 robe of willpower (worn)
 F - a +2 kite shield of protection
Magical Staves
 e - a staff of death
Jewellery
 t - a ring of protection from fire (left hand)
 x - an amulet of faith
 B - a ring of resist corrosion
 D - an amulet of magic regeneration (around neck)
 G - a ring of magical power (right hand)
 H - a ring of protection from cold
 K - a ring of wizardry
Wands
 L - a wand of polymorph (9)
Scrolls
 d - 6 scrolls of identify {unknown}
 f - a scroll of vulnerability {unknown}
 g - 4 scrolls of enchant weapon {unknown}
 j - 2 scrolls of enchant armour {unknown}
 k - a scroll of poison {unknown}
 l - 2 scrolls of blinking {unknown}
 m - a scroll of amnesia {unknown}
 n - a scroll of fear {unknown}
 p - 2 scrolls of teleportation
 q - a scroll of brand weapon {unknown}
 s - 3 scrolls of magic mapping {unknown}
 w - 4 scrolls of butterflies {unknown}
Potions
 h - 2 potions of mutation {unknown}
 o - 2 potions of curing {unknown}
 r - 5 potions of lignification {unknown}
 u - a potion of heal wounds {unknown}
 A - 2 potions of brilliance {unknown}
 C - a potion of might {unknown}
 E - 3 potions of degeneration {unknown}
 J - 5 potions of attraction


   Skills:
 * Level 6.8 Short Blades
 - Level 2.0 Dodging
 + Level 8.7 Stealth
 + Level 4.7 Spellcasting
 * Level 7.4 Hexes
 + Level 1.0 Ice Magic
 + Level 2.3 Evocations


You had 6 spell levels left.
You knew the following spells:

 Your Spells              Type           Power      Damage    Failure   Level
a - Ensorcelled Hibernat  Hex/Ice        40%        N/A       3%          2
b - Confusing Touch       Hex            32%        N/A       1%          3
c - Tukima's Dance        Hex            32%        N/A       1%          3
d - Dazzling Flash        Conj/Hex       36%        N/A       9%          3

Your spell library contained the following spells:

 Spells                   Type           Power      Damage    Failure   Level
 Apportation              Tloc           8%         N/A       13%         1
 Necrotise                Necr           16%        1d4       13%         1
 Summon Small Mammal      Summ           16%        N/A       13%         1
 Sublimation of Blood     Necr           4%         N/A       19%         2
 Ozocubu's Armour         Ice            8%         N/A       26%         3
 Vampiric Draining        Necr           4%         2d6       36%         3
 Petrify                  Tmut/Erth      4%         N/A       77%         4
 Agony                    Necr           4%         N/A       98%         5
 Irradiate                Conj/Tmut      2%         3d12      98%         5
 Ozocubu's Refrigeration  Ice            4%         4d8       100%        7


Dungeon Overview and Level Annotations

Branches:
Dungeon (7/15)             Temple (1/1) D:5

Altars:
Ashenzari
Cheibriados
Dithmenos
Fedhas
Gozag
Hepliaklqana
Kikubaaqudgha
Okawaru
Qazlal
Ru
Sif Muna
Uskayaw
Vehumet
Wu Jian
Xom

Shops:
D:2 [   D:6 (

Annotations:
D:5 Menkaure


Innate Abilities, Weirdness & Mutations

Your serpentine skin is tough. (AC +3)
You have supernaturally acute eyesight. (SInv)
Armour fits poorly on your strangely shaped body.
Your system is resistant to poisons. (rPois)
You cover ground very slowly.
You can spit poison.
You have a snake-like lower body.


Message History

The killer bee stings you.
You are poisoned.
The killer bee poisons you!
Here: a killer bee An open door.
Aim: a killer bee (wandering, hasn't noticed you, 34% to hit)
The splash of poison misses the killer bee.
The splash of poison hits the killer bee!
You feel very sick.
The killer bee buzzes angrily. x2
The killer bee barely misses you.
The killer bee is dazzled. x2; You feel sick.
The killer bee stings you. The killer bee closely misses you.
The killer bee stings you. x2
The killer bee barely misses you.
The killer bee stings you but does no damage.
You barely miss the killer bee.
You feel sick. The killer bee stings you. x2
The killer bee stings you!
You are more poisoned.
The killer bee poisons you!
Okay, then.
As you read the scroll of teleportation, it crumbles to dust.
You feel strangely unstable.
You feel very sick. The killer bee stings you. The killer bee stings you!
* * * LOW HITPOINT WARNING * * *
The killer bee stings you.
* * * LOW HITPOINT WARNING * * *
The killer bee misses you. The killer bee stings you.
* * * LOW HITPOINT WARNING * * *
The killer bee stings you.
* * * LOW HITPOINT WARNING * * *
It was a potion of attraction.
You feel attractive to monsters.
You have got your breath back.
* * * LOW HITPOINT WARNING * * *
You feel sick. The killer bee barely misses you.
The killer bee closely misses you.
The killer bee stings you but does no damage.
The killer bee stings you.
You die...

####### ########
####.....#####......#
...#.....#...#......#
...#.....'..[+......#
...#.....#...#...... ..##.....##'##
..y.y###############
..#.....##...####y##.............#.
..#.....#......#y@y#.............#.
..#.....#......#...#.............#.
..'.....#......#...#.............#.
###.....########...#........)....##
..#####.......##...#......#####....
..#...#.......'....+......+...#....
..#...#.......#....#......#...#....
..#...#.......#....#......#...#....
..'...#.......#....#......#...#....


You could see 4 killer bees.

Vanquished Creatures
  Pikel (D:7)
  2 steam dragons
  An orc warrior (D:5)
  2 ice beasts (D:7)
  2 black bears
  An ogre (D:7)
  A bullfrog (D:7)
  4 scorpions
  A necrophage (D:7)
  A killer bee (D:7)
  A jelly (D:4)
  9 hounds
  An iguana (D:4)
  4 orc wizards
  8 adders
  5 gnolls
  2 white imps
  3 worms
  3 dart slugs
  18 orcs
  2 bats
  4 endoplasms
  A giant cockroach (D:2)
  3 goblins
  5 hobgoblins
  7 kobolds
  2 quokkas (D:4)
  10 ball pythons
  3 frilled lizards
  5 rats
112 creatures vanquished.

Vanquished Creatures (others)
  An orc (D:6)
1 creature vanquished.

Grand Total: 113 creatures vanquished

Notes
Turn   | Place    | Note
-------+----------+-------------------------------------------
     0 | D:1      | Goreval the Naga Enchanter began the quest for the Orb.
     0 | D:1      | Reached XP level 1. HP: 15/15 MP: 3/3
   614 | D:1      | Found a faded altar of an unknown god.
   947 | D:1      | Reached XP level 2. HP: 22/22 MP: 5/5
   950 | D:1      | Learned a level 2 spell: Ensorcelled Hibernation
  1797 | D:2      | Found Morow's Antique Armour Emporium.
  2403 | D:2      | Reached XP level 3. HP: 27/28 MP: 1/6
  3158 | D:3      | Reached skill level 5 in Stealth
  3158 | D:3      | Reached XP level 4. HP: 6/36 MP: 5/7
  3919 | D:3      | Found a shimmering altar of Xom.
  4756 | D:4      | Reached XP level 5. HP: 39/42 MP: 1/8
  4897 | D:4      | Found a blossoming altar of Fedhas.
  4970 | D:4      | Noticed a black bear
  5139 | D:4      | Reached XP level 6. HP: 46/49 MP: 1/10
  5422 | D:4      | Found a sacrificial altar of Ru.
  5507 | D:4      | Killed a black bear
  5508 | D:4      | Reached skill level 6 in Stealth
  5845 | D:4      | Reached skill level 5 in Hexes
  6160 | D:3      | Reached XP level 7. HP: 38/55 MP: 4/11
  6942 | D:5      | Entered Level 5 of the Dungeon
  7336 | D:5      | Learned a level 3 spell: Confusing Touch
  7366 | D:5      | Learned a level 3 spell: Tukima's Dance
  7370 | D:5      | Learned a level 3 spell: Dazzling Flash
  7533 | D:2      | Bought a glowing orb for 240 gold pieces
  7637 | D:5      | Noticed Menkaure
  7653 | D:5      | Found a staircase to the Ecumenical Temple.
  7703 | Temple   | Entered the Ecumenical Temple
  8411 | D:6      | Found Womili's Weapon Emporium.
  8414 | D:6      | Reached skill level 7 in Stealth
  8613 | D:6      | Noticed a steam dragon
  8620 | D:6      | Reached XP level 8. HP: 58/62 MP: 13/13
  8631 | D:6      | Reached skill level 5 in Short Blades
  9144 | D:7      | Reached skill level 1 in Evocations
  9180 | D:7      | Noticed Pikel
  9187 | D:7      | Killed Pikel
  9188 | D:7      | Reached skill level 8 in Stealth
  9188 | D:7      | Reached XP level 9. HP: 66/68 MP: 15/15
  9207 | D:7      | Found an ornate altar of the Wu Jian Council.
  9235 | D:7      | Became a worshipper of the Wu Jian Council
  9706 | D:7      | Reached skill level 1 in Ice Magic
  9814 | D:7      | HP: 3/68 [killer bee (6)]
  9815 | D:7      | HP: 1/68 [poisoned by a killer bee]
  9815 | D:7      | Slain by a killer bee

Illustrated notes

Levels and vault maps discovered:
D:1:      dpeg_chamrin_arrival_tetris, layout_loops_corners,
          hellmonk_ecumenical_altar_leap_of_faith, serial_bayou_lake_a
D:2:      layout_rooms, serial_shops, shop
D:3:      layout_basic, lemuel_coloured_pillars_altar, grunt_ministairs_15,
          wad_floor_pattern_untrapped
D:4:      minmay_chambers_of_twos, layout_cave_pools,
          mainiacjoe_overflow_24_doors, nicolae_ru_awakened_eye,
          cheibrodos_gnoll_hut
D:5:      layout_loops_ring, minmay_temple_entry_glass, minivault_14,
          uniq_menkaure
D:6:      layout_basic, minivault_22, minivault_27, nicolae_stop_n_shop_2
D:7:      layout_gridville, mainiacjoe_overflow_catwalk, uniq_pikel
Temple:   jpeg_temple_clearing

Skill      XL: |  1  2  3  4  5  6  7  8  9 |
---------------+----------------------------+-----
Short Blades   | 2 3 4 6 |  6.8
Stealth        | 5 6 7 8 |  8.7
Hexes          | 4 5 7 |  7.4
Spellcasting   | 3 4 |  4.7
Dodging        | 2 |  2.0
Evocations     | 2 |  2.3
Ice Magic      | 1 |  1.0

Action                   |  1- 3 |  4- 6 |  7- 9 || total
-------------------------+-------+-------+-------++-------
Melee: Dagger            |    74 |    57 |    91 ||   222
       Punch             |       |     1 |       ||     1
Throw: Stone             |       |       |     2 ||     2
 Cast: Ensorcelled Hiber |    18 |    39 |    39 ||    96
       Confusing Touch   |       |       |     6 ||     6
       Dazzling Flash    |       |       |     2 ||     2
Invok: Lunge             |       |       |     5 ||     5
 Abil: Spit Poison       |     5 |    10 |    12 ||    27
  Use: Potion            |     1 |     2 |     2 ||     5
       Scroll            |       |     1 |     2 ||     3
 Stab: Sleeping          |    18 |    31 |    35 ||    84
       Invisible         |       |     1 |       ||     1
       Confused          |       |       |     4 ||     4
       Distracted        |       |       |     1 ||     1
Armor: Robe              |    27 |    11 |    18 ||    56
Dodge: Dodged            |    46 |    34 |    33 ||   113
